 Dungeon Crawl Stone Soup version 0.28.0-55-gcd9437bce4 (webtiles) character file.

Game seed: 7417287307889805567

537 Atelerd the Digger (level 7, -3/42 HPs)
             Began as an Octopode Earth Elementalist on Jan 4, 2023.
             Slain by an ogre
             ... wielding a +0 giant club
              (10 damage)
             ... on level 4 of the Dungeon.
             The game lasted 00:06:28 (5365 turns).

Atelerd the Digger (Octopode Earth Elementalist)    Turns: 5365, Time: 00:06:29

Health: -3/42      AC:  1    Str:  7    XL:     7   Next: 25%
Magic:  22/22      EV: 13    Int: 19    God:
Gold:   81         SH:  0    Dex: 13    Spells: 9/14 levels left

rFire   . . .      SeeInvis .   f - +2 hand axe (flame)
rCold   + . .      Faith    .   (no shield)
rNeg    + . .      Spirit   .   k - +0 hat of the Gate {Drain rC+ rN+ rCorr}
rPois   .          Reflect  .   (no amulet)
rElec   .          Harm     .   t - ring of magical power
rCorr   +          Rampage  .   (no ring)
Will    .....                   (no ring)
Stlth   ++++......              (no ring)
HPRegen 0.14/turn               (no ring)
MPRegen 0.18/turn               (no ring)
                                (no ring)
                                (no ring)

@: no status effects
A: almost no armour, amphibious, 8 rings, camouflage 1, gelatinous body 1,
(nimble swimmer 1), tentacles
a: no special abilities


You were on level 4 of the Dungeon.
You visited 1 branch of the dungeon, and saw 4 of its levels.
You also visited: Sewer.

You collected 181 gold pieces.
You spent 100 gold pieces at shops.

Inventory:

Hand Weapons
 c - a +0 dagger
 f - a +2 hand axe of flaming (weapon)
Armour
 i - a +0 buckler
 k - the +0 hat of the Gate (worn) {Drain rC+ rN+ rCorr}
   (You acquired it on level 3 of the Dungeon)

   rC:        It protects you from cold.
   rN:        It protects you from negative energy.
   rCorr:     It protects you from acid and corrosion.
   Drain:     It drains your maximum health when unequipped.
Jewellery
 t - a ring of magical power (left tentacle)
 u - an amulet of faith
Wands
 o - a wand of acid (7)
Scrolls
 b - a scroll of vulnerability {unknown}
 d - 3 scrolls of enchant armour
 l - a scroll of brand weapon
 m - 2 scrolls of teleportation
 p - a scroll of noise
 q - a scroll of fog
 s - 2 scrolls of identify
Potions
 a - a potion of invisibility
 e - a potion of lignification {unknown}
 g - a potion of attraction {unknown}
 h - 2 potions of curing
 j - 2 potions of mutation {unknown}
 n - a potion of haste {unknown}
 r - a potion of flight {unknown}


   Skills:
 - Level 0.3 Fighting
 - Level 0.4 Axes
 - Level 2.0 Dodging
 - Level 5.0 Stealth
 + Level 4.1 Spellcasting
 + Level 3.3 Transmutations
 + Level 5.1 Earth Magic


You had 9 spell levels left.
You knew the following spells:

 Your Spells              Type           Power      Damage    Failure   Level
a - Sandblast             Erth           46%        2d11      1%          1
p - Petrify               Tmut/Erth      20%        N/A       24%         4

Your spell library contained the following spells:

 Spells                   Type           Power      Damage    Failure   Level
 Passwall                 Tmut/Erth      16%        N/A       3%          2
 Wereblood                Tmut           16%        N/A       5%          2
 Stone Arrow              Conj/Erth      26%        3d8       14%         3
 Sublimation of Blood     Necr           3%         N/A       21%         2
 Lee's Rapid Deconstruct  Erth           11%        3d9*      41%         5
 Summon Hydra             Summ           1%         N/A       100%        7


Dungeon Overview and Level Annotations

Branches:
Dungeon (4/15)              Sewer (visited)
 Temple: D:4-7

Altars:
Fedhas
Gozag

Shops:
D:3 ?

Annotations:
D:3 exclusion: downstairs


Innate Abilities, Weirdness & Mutations

You cannot wear most types of armour.
You are amphibious.
You can wear up to eight rings at the same time.
Your skin changes colour to match your surroundings (Stealth+).
Your rubbery body absorbs attacks. (AC +1, EV +1)
((You are camouflaged when in or above water. (Stealth+)))
You have tentacles for arms and can constrict up to eight enemies at once.


Message History

The helpless quokka fails to defend itself.
You hit the quokka. You burn the quokka. You grab the quokka.
You squeeze the quokka.
You kill the quokka!
The hobgoblin shouts!
The ball python hisses angrily.
The hobgoblin shouts!
You hear a shout!
The ball python barely misses you. The ball python grabs you.
The ball python constricts you.
You closely miss the ball python. You grab the ball python.
You constrict the ball python. The ball python closely misses you.
The ball python constricts you.
There are monsters nearby!
You hit the ball python. You burn the ball python.
You kill the ball python!
An ogre comes into view. It is wielding a +0 giant club.
The hobgoblin closely misses you.
Unknown command.
You hit the hobgoblin. You burn the hobgoblin. Your grab misses the hobgoblin.
The hobgoblin is heavily wounded.
The hobgoblin hits you but does no damage.
A scorpion comes into view.
You hit the hobgoblin. You burn the hobgoblin.
You kill the hobgoblin!
You hit the ogre. You burn the ogre.
The ogre is lightly wounded.
The ogre hits you with a +0 giant club!
You hit the ogre. You burn the ogre. You squeeze the ogre!
The ogre is heavily wounded.
The ogre misses you.
You hit the ogre. You burn the ogre. You squeeze the ogre.
The ogre is almost dead.
The ogre hits you with a +0 giant club!!
Ouch! That really hurt!
* * * LOW HITPOINT WARNING * * *
You are too injured to fight recklessly!
Unknown command.
You hit the ogre. You burn the ogre.
The ogre is almost dead.
The ogre hits you with a +0 giant club!
You die...

#.##........# #...[....#
#.#####..#### ####'#####
#........# ###...###
#######.## ##.......# ##
#..## #..#####..#
.######...####..#[(!#..#
.............+..#...# .+
.######...###...#Og.# .
.# #..###..##@# .. .#
#.###...#.#s..# .#
#.##..##.# ...# .#
#.#...#.# .+... .#
#...##.# #.#..# .#
#...#$# . #... ## ## .#
#.. .. #.


You could see an ogre, a scorpion and a hobgoblin.

Vanquished Creatures
  A black bear (D:3)
  A bullfrog (D:4)
  A water moccasin skeleton (D:4)
  4 jellies (Sewer)
  Terence (D:3)
  A hound skeleton (D:4)
  4 adders
  4 river rats (Sewer)
  5 worms
  2 dart slugs
  An orc (D:3)
  12 endoplasms
  6 giant cockroaches
  4 hobgoblins
  3 jackals (D:1)
  5 kobolds
  7 quokkas
  14 ball pythons
  7 bats
  5 frilled lizards (Sewer)
  4 goblins
  6 rats
98 creatures vanquished.

Vanquished Creatures (others)
  2 fungi (D:3)
  3 toadstools (D:3)
5 creatures vanquished.

Grand Total: 103 creatures vanquished

Notes
Turn   | Place    | Note
-------+----------+-------------------------------------------
     0 | D:1      | Atelerd the Octopode Earth Elementalist began the quest for
                  | the Orb.
     0 | D:1      | Reached XP level 1. HP: 11/11 MP: 3/3
   280 | D:1      | Reached XP level 2. HP: 17/17 MP: 1/5
   689 | D:1      | Reached XP level 3. HP: 14/21 MP: 2/6
  1933 | D:2      | Reached XP level 4. HP: 27/27 MP: 6/8
  2155 | D:2      | Found an opulent altar of Gozag.
  2201 | D:3      | Found a glowing drain.
  2217 | Sewer    | Entered a sewer
  2344 | Sewer    | Reached XP level 5. HP: 12/32 MP: 9/9
  3199 | Sewer    | Reached XP level 6. HP: 28/37 MP: 11/11
  3373 | Sewer    | Found a viscous altar of Jiyva.
  3626 | D:3      | Found Ampoar's Magic Scroll Shop.
  3634 | D:3      | Bought a scroll of identify for 20 gold pieces
  3634 | D:3      | Bought a scroll of noise for 10 gold pieces
  3634 | D:3      | Bought a scroll of teleportation for 30 gold pieces
  3634 | D:3      | Bought a scroll of fog for 20 gold pieces
  3634 | D:3      | Bought a scroll of identify for 20 gold pieces
  3636 | D:3      | Identified a scroll of acquirement
  3637 | D:3      | Acquired the +0 hat of the Gate {Drain rC+ rN+ rCorr}
  3810 | D:3      | Found a faded altar of an unknown god.
  3893 | D:3      | Noticed Terence
  3904 | D:3      | Killed Terence
  4019 | D:3      | Learned a level 4 spell: Petrify
  4041 | D:3      | Got Kugoch's Handbook of Stones
  4068 | D:3      | Found a blossoming altar of Fedhas.
  4107 | D:3      | Noticed a black bear
  4122 | D:3      | Killed a black bear
  4638 | D:4      | Reached skill level 5 in Stealth
  5026 | D:4      | Reached skill level 5 in Earth Magic
  5026 | D:4      | Reached XP level 7. HP: 17/42 MP: 13/13
  5365 | D:4      | Slain by an ogre

Illustrated notes

Levels and vault maps discovered:
D:1:      erik_arrival_cave_to_civilisation [erik_arrival_cave_to_hall],
          layout_basic
D:2:      layout_rooms, basic_altar
D:3:      layout_basic, lemuel_crystal_altar, cheibrodos_sewer_entry_bend,
          basic_ecumenical_altar, serial_shops, nicolae_diamond_shop,
          palyth_stone_intersect, minmay_gold_behind_fungi, uniq_terence
D:4:      layout_loops_corners, serial_shops, shop, kennysheep_path_1,
          minmay_vboxes, uniq_pikel, uniq_edmund

Skill      XL: |  1  2  3  4  5  6 |
---------------+-------------------+-----
Earth Magic    | 4 5 |  5.1
Stealth        | 3 4 5 |  5.0
Spellcasting   | 3 4 |  4.1
Transmutations | 2 3 |  3.3
Fighting       | |  0.3
Axes           | |  0.4
Dodging        | |  2.0

Action                   |  1- 3 |  4- 6 |  7- 9 || total
-------------------------+-------+-------+-------++-------
Melee: Unarmed           |     5 |       |       ||     5
       Tentacles         |     6 |    17 |     5 ||    28
       Constrict         |    10 |    23 |     3 ||    36
       Dagger            |    24 |     9 |       ||    33
       Hand axe          |    17 |    80 |    15 ||   112
       Punch             |     1 |     2 |       ||     3
 Cast: Sandblast         |    37 |    16 |       ||    53
       Petrify           |       |     2 |       ||     2
  Use: Potion            |       |     3 |       ||     3
       Scroll            |       |     4 |       ||     4
 Stab: Sleeping          |     5 |    13 |     1 ||    19
       Invisible         |       |     4 |       ||     4
       Petrified         |       |     4 |       ||     4
Armor: Skin              |     3 |     5 |     1 ||     9
Dodge: Dodged            |    57 |    75 |    13 ||   145
